 Dungeon Crawl Stone Soup version 0.25.1-8-g42b30a86e7 (webtiles) character file.

Game seed: 8182269700667274613

191 MatrixGlitch the Chopper (level 5, -9/39 HPs)
             Began as a Demonspawn Gladiator on Dec 27, 2020.
             Killed by nerve-wracking pain
             ... invoked by Grinder
              (14 damage)
             ... on level 3 of the Dungeon.
             The game lasted 00:10:39 (1563 turns).

MatrixGlitch the Chopper (Demonspawn Gladiator)     Turns: 1563, Time: 00:10:40

Health: -9/39      AC:  9    Str: 15    XL:     5   Next: 41%
Magic:  5/5        EV: 11    Int: 10    God:
Gold:   131        SH:  0    Dex: 14    Spells: 4/4 levels left

rFire    . . .     SeeInvis .   n - +0 broad axe
rCold    . . .     Gourm    .   (no shield)
rNeg     . . .     Faith    .   e - +0 scale mail
rPois    .         Spirit   .   c - +0 helmet
rElec    .         Reflect  .   (no cloak)
rCorr    .         Harm     .   (no gloves)
MR       .....                  (no boots)
Stlth    ..........             (no amulet)
HPRegen  0.13/turn              (no ring)
MPRegen  0.09/turn              (no ring)

@: no status effects
A: iridescent scales 1, spiny 2
a: no special abilities


You were on level 3 of the Dungeon.
You were not hungry.

You visited 1 branch of the dungeon, and saw 3 of its levels.

You collected 131 gold pieces.

Inventory:

Hand Weapons
 a - a +0 war axe
 m - a +0 mace
 n - a +0 broad axe (weapon)
Missiles
 d - 3 throwing nets
 g - 8 boomerangs
 o - 3 javelins
 p - 9 poisoned darts (quivered)
Armour
 c - a +0 helmet (worn)
 e - a +0 scale mail (worn)
Scrolls
 h - a scroll of remove curse {unknown}
 i - a scroll of teleportation {unknown}
 j - a scroll of identify {unknown}
 k - 2 scrolls of noise {unknown}
 q - a scroll of enchant armour {unknown}
Comestibles
 b - 4 chunks of flesh
 f - 8 rations


   Skills:
 + Level 2.7 Fighting
 + Level 4.2 Axes
 + Level 2.1 Throwing
 + Level 1.2 Armour
 + Level 3.3 Dodging
 + Level 0.8 Stealth


You had 4 spell levels left.
You didn't know any spells.
Your spell library was empty.

Dungeon Overview and Level Annotations

Branches:
Dungeon (3/15)

Altars:
Okawaru
Ru

Annotations:
D:3 Grinder


Innate Abilities, Weirdness & Mutations

You are partially covered in iridescent scales. (AC +2)
You are mostly covered in sharp spines.


Message History

Some of the chunks of flesh in your inventory have rotted away.
Unknown command.
You slash Grinder!
Grinder is moderately wounded.
Grinder is struck by your spines. Grinder hits you.
* * * LOW HITPOINT WARNING * * *
You writhe in agony.
* * * LOW HITPOINT WARNING * * *
You closely miss Grinder.
Grinder is moderately wounded.
Grinder hits you but does no damage. Grinder is struck by your spines.
Grinder misses you.
You closely miss Grinder.
Grinder is heavily wounded.
Grinder hits you but does no damage.
You hit Grinder.
Grinder is heavily wounded.
Grinder gestures at you. Pain shoots through your body!
You die...

...#.....^##........
........#.##........
####................
#.###.###.#.#.##
#... #.#...# #..#
###..###.###.###..#
...(..........)...#
.........(....(...#
.....###.#.#.###@.#
.... # #.#.#..5.#
.... ###.###..# ...>
... ...# ....
........# ....
###.###... .#.. ..#
....# ... #.# #...#
... ..###


You could see Grinder.

Vanquished Creatures
  2 orc wizards
  An orc priest (D:3)
  An iguana (D:2)
  3 adders
  An ooze (D:3)
  A worm (D:2)
  3 leopard geckos
  5 orcs (D:3)
  A giant cockroach (D:2)
  3 goblins
  3 jackals (D:3)
  2 quokkas (D:3)
  A ball python (D:2)
  5 bats
  A frilled lizard (D:2)
  3 kobolds (D:2)
  7 rats
43 creatures vanquished.

Notes
Turn   | Place    | Note
-------+----------+-------------------------------------------
     0 | D:1      | MatrixGlitch the Demonspawn Gladiator began the quest for
                  | the Orb.
     0 | D:1      | Reached XP level 1. HP: 16/16 MP: 1/1
     3 | D:1      | Noticed an electric eel
     3 | D:1      | Noticed an electric eel
   325 | D:2      | Found an iron altar of Okawaru.
   459 | D:2      | Found a sacrificial altar of Ru.
   471 | D:2      | Gained mutation: You are partially covered in iridescent
                  | scales. (AC +2) [demonic ancestry]
   471 | D:2      | Reached XP level 2. HP: 22/22 MP: 2/2
   475 | D:2      | Reached skill level 3 in Axes
   482 | D:2      | Gained mutation: You are partially covered in sharp spines.
                  | [demonic ancestry]
   482 | D:2      | Reached XP level 3. HP: 28/28 MP: 3/3
   789 | D:2      | Reached XP level 4. HP: 25/34 MP: 4/4
  1324 | D:3      | Reached skill level 1 in Armour
  1327 | D:3      | Reached skill level 4 in Axes
  1327 | D:3      | Gained mutation: You are mostly covered in sharp spines.
                  | [demonic ancestry]
  1327 | D:3      | Reached XP level 5. HP: 29/39 MP: 5/5
  1533 | D:3      | Noticed Grinder
  1563 | D:3      | Killed from afar by Grinder

Illustrated notes

Levels and vault maps discovered:
D:1:      arrival_aquarium_b, layout_loops_ring
D:2:      layout_basic, okawaru_trees_1, nicolae_ru_great_annihilating_truth
D:3:      layout_rooms, first_ration, minivault_27, minmay_misc_feat_nine_boxes,
          nemelex_diamond_rough_becter, uniq_grinder

Skill      XL: |  1  2  3  4 |
---------------+-------------+-----
Dodging        | 3 |  3.3
Axes           | 3 4 |  4.2
Throwing       | 2 |  2.1
Armour         | 1 |  1.2
Fighting       | |  2.7
Stealth        | |  0.8

Action                   |  1- 3 |  4- 6 || total
-------------------------+-------+-------++-------
Melee: War axe           |    32 |       ||    32
       Broad axe         |     3 |    46 ||    49
Throw: Throwing net      |     2 |       ||     2
       Dart              |       |     7 ||     7
       Boomerang         |       |     1 ||     1
  Use: Potion            |     3 |     1 ||     4
 Stab: Paralysed         |     2 |       ||     2
  Eat: Chunk             |       |     2 ||     2
Armor: Scale mail        |    15 |    20 ||    35
Dodge: Dodged            |    18 |    41 ||    59
